 Dungeon Crawl Stone Soup version 0.30.0-15-g856e2d3f33 (webtiles) character file.

Game seed: 4861653286864194972

10828 freelancePsychic the Fighter (level 11, -7/108 HPs)
             Began as a Tengu Hexslinger on May 18, 2023.
             Was a Priest of Sif Muna.
             Mangled by a red ugly thing (12 damage)
             ... in a Gauntlet.
             The game lasted 00:26:15 (13823 turns).

freelancePsychic the Fighter (Tengu Hexslinger)    Turns: 13823, Time: 00:26:16

Health: -7/108     AC:  2    Str: 10    XL:     11   Next: 68%
Magic:  17/22      EV: 18    Int: 19    God:    Sif Muna [***...]
Gold:   806        SH:  0    Dex: 20    Spells: 16/24 levels left

rFire   . . .        a - +6 dagger (venom)
rCold   . . .        (no shield)
rNeg    . . .        D - +1 troll leather armour
rPois   .            (helmet restricted)
rElec   .            (no cloak)
rCorr   .            y - +0 pair of gloves
SInv    .            (boots unavailable)
Will    .....        (no amulet) Stlth
                     f - +6 ring of dexterity
HPRegen 1.18/turn    m - ring of wizardry
MPRegen 0.18/turn

%: no teleportation, wizardry (x1)
@: berserking, corroded, flying quickly and evasively, invisible, very quick
A: beak, talons 3, nimble flight
a: Renounce Religion, Channel Magic, Forget Spell


You were in a Gauntlet.
You worshipped Sif Muna.
Sif Muna was most pleased with you.
You visited 1 branch of the dungeon, and saw 11 of its levels.
You also visited: Gauntlet.

You collected 806 gold pieces.

Inventory:

Hand Weapons
 a - a +6 dagger of venom (weapon)
 b - a +1 sling
 c - a +0 demon whip of venom
Missiles
 t - 2 throwing nets
Armour
 l - +0 steam dragon scales
 y - a +0 pair of gloves (worn)
 C - an orb of wrath
 D - a +1 troll leather armour (worn)
Jewellery
 f - a +6 ring of dexterity (left hand)
 m - a ring of wizardry (right hand)
 n - a +6 ring of strength
 E - the ring of Zeluimul {rPois Dex+2}
   (You found it in a Gauntlet)

   [ring of poison resistance]

   Dex:       It affects your dexterity (+2).
   rPois:     It protects you from poison.
 F - the ring "Fyigieneal" {Fire Int+2}
   (You found it in a Gauntlet)

   [ring of fire]

   It enhances your fire magic.
   Int:       It affects your intelligence (+2).
   rF:        It protects you from fire.
   rC:        It makes you vulnerable to cold.
Wands
 x - a wand of flame (15)
Scrolls
 e - 4 scrolls of immolation
 g - 3 scrolls of poison
 i - 4 scrolls of noise
 j - 4 scrolls of teleportation {@r4}
 o - a scroll of amnesia
 A - a scroll of fog
Potions
 h - 2 potions of might
 k - 2 potions of attraction
 p - a potion of ambrosia
 s - 2 potions of degeneration
 u - 2 potions of haste {@q3}
 v - 2 potions of lignification
 w - a potion of mutation
 B - a potion of magic


   Skills:
 + Level 10.1 Fighting
 - Level 6.0 Short Blades
 - Level 3.2 Ranged Weapons
 + Level 6.2 Dodging
 - Level 1.2 Stealth
 - Level 7.0 Spellcasting
 + Level 2.0 Conjurations
 - Level 2.1 Hexes
 - Level 9.3 Summonings
 + Level 1.2 Ice Magic
 + Level 2.0 Air Magic
 - Level 5.4 Invocations


You had 16 spell levels left.
You knew the following spells:

 Your Spells              Type           Power      Damage    Failure   Level
a - Call Canine Familiar  Summ           42%        N/A       1%          3
b - Freezing Cloud        Conj/Ice/Air   6%         6-21      56%         5

Your spell library contained the following spells:

 Spells                   Type           Power      Damage    Failure   Level
 Slow                     Hex            56%        N/A       2%          1
 Cigotuvi's Dreadful Rot  Necr/Pois/Air  18%        N/A       6%          2
 Summon Ice Beast         Ice/Summ       26%        N/A       6%          4
 Confusing Touch          Hex            14%        N/A       7%          3
 Dazzling Flash           Conj/Hex       28%        N/A       7%          3
 Frozen Ramparts          Ice            22%        1d4       10%         3
 Ozocubu's Armour         Ice            11%        N/A       10%         3
 Inner Flame              Hex/Fire       10%        N/A       11%         3
 Portal Projectile        Hex/Tloc       20%        N/A       11%         3
 Ignite Poison            Fire/Tmut/Pois 6%         N/A       16%         3
 Vampiric Draining        Necr           6%         2d6       16%         3
 Volatile Blastmotes      Fire/Tloc      12%        2d11      16%         3
 Cause Fear               Hex            7%         N/A       22%         4
 Fulminant Prism          Conj/Hex       7%         3d7       22%         4
 Iskenderun's Mystic Bla  Conj/Tloc      10%        2d4       32%         4
 Leda's Liquefaction      Hex/Erth       5%         N/A       32%         4
 Ice Form                 Ice/Tmut       9%         N/A       38%         4
 Silence                  Hex/Air        7%         N/A       52%         5
 Agony                    Necr           6%         N/A       80%         5
 Lee's Rapid Deconstruct  Erth           3%         3d5*      80%         5
 Statue Form              Tmut/Erth      4%         N/A       100%        6
 Ozocubu's Refrigeration  Ice            5%         4d8       100%        7


Dungeon Overview and Level Annotations

Branches:
Dungeon (11/15)            Temple (0/1) D:6            Lair (0/5) D:10
    Orc (0/2) D:11        Gauntlet (1/1)

Altars:
Cheibriados
Dithmenos
Elyvilon
Fedhas
Gozag
Kikubaaqudgha
Nemelex Xobeh
Ru
Sif Muna
Uskayaw
Wu Jian
Xom
Yredelemnul
Zin

Portals:
Abyss: D:7

Annotations:
D:3 3 runed translucent doors, jurchenman's ghost, weakling DECj
D:4 1 runed translucent door, exclusion: black bear, Menkaure; Wulfey's ghost, amateur MiBe
D:6 exclusion: door
D:7 2 transporters, Fractals's ghost, novice MiBe
D:9 3 runed translucent doors, Darkkill's ghost, novice MiHu
D:11 Psyche Gauntlet 7 transporters, 1 runed translucent door


Innate Abilities, Weirdness & Mutations

You have a beak for a mouth.
You have claws for feet.
Your magical nature lets you fly swiftly and evasively.


Message History

Your red devil hits the brown ugly thing with a +4 trident!
The brown ugly thing is skewered by barbed spikes.
The brown ugly thing basks in the mutagenic energy from its kin and changes!
You barely miss the red ugly thing. You claw the red ugly thing.
You peck the red ugly thing!
The red ugly thing is almost dead.
The great orb of eyes misses you.
You hit the red ugly thing.
You kill the red ugly thing!
Sif Muna accepts your kill.
Your red devil hits the red ugly thing with a +4 trident!
The red ugly thing is skewered by barbed spikes.
Your Conjurations skill increases to level 2!
Your Ice Magic skill increases to level 1!
Your Air Magic skill increases to level 2!
You hit the great orb of eyes.
The great orb of eyes looks as sick as possible!
You claw the great orb of eyes. You peck the great orb of eyes.
The great orb of eyes is almost dead.
The great orb of eyes gazes at you. You resist with significant effort.
You puncture the red ugly thing!
The red ugly thing is heavily wounded.
The red ugly thing claws you!
You are engulfed in flames!!
* * * LOW HITPOINT WARNING * * *
Your red devil barely misses the red ugly thing.
You hit the red ugly thing.
The red ugly thing is poisoned.
Your kick misses the red ugly thing.
The red ugly thing is heavily wounded.
The great orb of eyes bites you!
* * * LOW HITPOINT WARNING * * *
You barely miss the red ugly thing. You claw the red ugly thing!
You peck the red ugly thing, but do no damage.
The red ugly thing is severely wounded.
You kill the great orb of eyes!
Sif Muna accepts your kill. The red ugly thing claws you.
* * * LOW HITPOINT WARNING * * *
You are engulfed in flames!
You die...

≈#≈≈≈#≈≈≈#≈≈≈#≈≈≈#≈≈≈#
...................≈#
######...#########.##
.....#.⌠.##.#.#.##.≈##
##.#.#...#.#.#.#.#.≈≈#
#...!######.#.#.##.≈## ..
#©#.©#©.©#.#.#4#©#.## ⌠.##
..#.[#.⌠.##.#©#u##..##.....
.###4#...#.#.#.#@#...#.⌠.#
..3..#.⌠.##.#.#.##.∩.#...#
######...#########...#.©.#
.....#.⌠.....#.....⌠.#...#
######...#########...#.©.#
Q#Q#Q#.⌠.#..bthb.#.∩.#...#
.#.(##...#.##.##[#...#.⌠.#
.#...#.⌠.##..#..##..##.....
.©####©.©#.##©##©#.## .⌠.##


You could see a red ugly thing (unable to see you, very poisoned, skewered, ally
target), a fire crab (unable to see you), a hell hound, 2 fire bats and a
friendly red devil (summoned).

Vanquished Creatures
  A great orb of eyes (Gauntlet)
  Amaemon (D:8)
  Pikel (D:6)
  A deep elf pyromancer (D:9)
  4 ugly things
  An orange demon (D:8)
  Maggie (D:8)
  An unseen horror (D:10)
  9 yaks
  2 wyverns (D:10)
  2 basilisks (D:10)
  2 steam dragons
  An acid dragon (D:9)
  3 black bears
  An orc warrior (D:10)
  An ice beast (D:4)
  An ogre (D:5)
  2 sky beasts
  2 lemures
  3 bullfrogs
  3 gnoll sergeants
  2 scorpions (D:6)
  3 wights
  8 killer bees
  4 howler monkeys
  7 orc priests
  A hound (D:4)
  An iguana (D:3)
  2 sleepcaps (D:6)
  A gnoll bouda (D:9)
  11 orc wizards
  Natasha (D:4)
  10 gnolls
  12 adders
  4 white imps
  An ufetubus (D:4)
  4 worms
  28 orcs
  11 bats
  8 endoplasms
  7 giant cockroaches
  9 goblins
  7 hobgoblins
  3 kobolds
  6 quokkas
  12 ball pythons
  2 frilled lizards
  3 rats
211 creatures vanquished.

Vanquished Creatures (collateral kills)
  A troll (D:11)
  A raiju (Gauntlet)
  5 yaks
  An acid dragon (D:9)
  An orc warrior (D:10)
  A phantom (D:6)
  3 wights
  A killer bee (D:7)
  An orc priest (D:6)
  4 orc wizards
  10 gnolls
  11 orcs
40 creatures vanquished.

Grand Total: 251 creatures vanquished

Notes
Turn   | Place    | Note
-------+----------+-------------------------------------------
     0 | D:1      | freelancePsychic the Tengu Hexslinger began the quest for
                  | the Orb.
     0 | D:1      | Reached XP level 1. HP: 12/12 MP: 3/3
    56 | D:1      | Reached XP level 2. HP: 11/16 MP: 4/4
   504 | D:1      | Reached XP level 3. HP: 21/21 MP: 5/5
   653 | D:1      | Reached skill level 1 in Short Blades
   966 | D:2      | Reached skill level 2 in Fighting
   994 | D:2      | HP: 1/21 [adder (3)]
  1187 | D:2      | Reached XP level 4. HP: 26/26 MP: 6/6
  1586 | D:2      | Found a faded altar of an unknown god.
  1597 | D:2      | Gained mutation: Your magical nature lets you fly swiftly
                  | and evasively. [Tengu growth]
  1597 | D:2      | Reached XP level 5. HP: 25/31 MP: 7/7
  2292 | D:3      | Found a snail-covered altar of Cheibriados.
  2341 | D:3      | Found a runed translucent gate.
  2341 | D:3      | Found a runed translucent gate.
  2341 | D:3      | Found a runed translucent gate.
  2556 | D:3      | Noticed jurchenman's ghost (weakling DECj)
  2646 | D:3      | Reached skill level 3 in Fighting
  2770 | D:3      | Reached XP level 6. HP: 25/37 MP: 8/8
  3240 | D:4      | Noticed an ice beast
  3271 | D:4      | Killed an ice beast
  3540 | D:4      | Identified the +3 mace "Qigoll" {antimagic, Will+}
  3543 | D:4      | Found a shimmering blue altar of Sif Muna.
  3641 | D:4      | Became a worshipper of Sif Muna the Loreminder
  3677 | D:4      | Noticed Natasha
  3680 | D:4      | Killed Natasha
  3681 | D:4      | Reached skill level 5 in Short Blades
  3695 | D:4      | Noticed a black bear
  3716 | D:4      | Noticed Menkaure
  3734 | D:4      | Reached XP level 7. HP: 27/42 MP: 9/9
  3864 | D:4      | Found a runed translucent door.
  3867 | D:4      | Noticed Wulfey's ghost (amateur MiBe)
  3946 | D:4      | Found an ancient bone altar of Kikubaaqudgha.
  3975 | D:5      | Entered Level 5 of the Dungeon
  4117 | D:5      | Reached skill level 4 in Fighting
  4117 | D:5      | Reached skill level 1 in Stealth
  4131 | D:5      | Noticed a +0 hand axe
  4132 | D:5      | Noticed a +0 hand axe
  4134 | D:5      | Found a hide-covered altar of Uskayaw.
  4182 | D:5      | Found an ornate altar of the Wu Jian Council.
  4253 | D:5      | Reached skill level 1 in Summonings
  4918 | D:5      | Found a glowing silver altar of Zin.
  5075 | D:6      | Found a blossoming altar of Fedhas.
  5101 | D:6      | Found a sacrificial altar of Ru.
  5116 | D:6      | Reached XP level 8. HP: 33/48 MP: 10/10
  5178 | D:6      | Found a staircase to the Ecumenical Temple.
  5196 | D:6      | Reached skill level 5 in Fighting
  5200 | D:6      | Found a shimmering altar of Xom.
  5232 | D:6      | Learned a level 3 spell: Call Canine Familiar
  5496 | D:6      | Found a shadowy altar of Dithmenos.
  5728 | D:6      | Reached * piety under Sif Muna
  5787 | D:5      | Reached skill level 5 in Summonings
  5908 | D:6      | Reached skill level 6 in Fighting
  6804 | D:7      | Noticed Pikel
  6930 | D:6      | Killed Pikel
  6931 | D:6      | Reached skill level 1 in Invocations
  6931 | D:6      | Reached XP level 9. HP: 43/56 MP: 8/14
  7080 | D:7      | Reached skill level 7 in Fighting
  7169 | D:7      | Found a transporter.
  7170 | D:7      | Noticed Fractals's ghost (novice MiBe)
  7171 | D:7      | Found a one-way gate to the infinite horrors of the Abyss.
  7229 | D:7      | Found the +3 pair of seven-league boots {Rampage+∞}
  7291 | D:7      | You are sucked into a shaft and drop 1 floor!
  7825 | D:7      | Found a transporter.
  7861 | D:7      | Reached ** piety under Sif Muna
  8661 | D:7      | Reached XP level 10. HP: 42/64 MP: 13/17
  8798 | D:7      | Reached skill level 8 in Fighting
  9339 | D:8      | Noticed an orange demon
  9360 | D:8      | Noticed Maggie
  9378 | D:8      | Killed an orange demon
  9378 | D:8      | Killed Maggie
  9379 | D:8      | Reached skill level 5 in Spellcasting
  9511 | D:8      | Noticed Amaemon
  9524 | D:8      | Killed Amaemon
  9721 | D:8      | Reached skill level 5 in Invocations
 10152 | D:9      | HP: 2/65 [gnoll sergeant/+3 spear of flaming (3)]
 10649 | D:9      | Reached skill level 9 in Fighting
 10714 | D:9      | Reached XP level 11. HP: 62/71 MP: 14/20
 10731 | D:9      | Reached *** piety under Sif Muna
 11165 | D:9      | Found a basalt altar of Yredelemnul.
 11225 | D:9      | Noticed a deep elf pyromancer
 11234 | D:9      | Killed a deep elf pyromancer
 11259 | D:9      | Found a white marble altar of Elyvilon.
 11357 | D:9      | Found an opulent altar of Gozag.
 11421 | D:9      | Found a runed translucent gate.
 11421 | D:9      | Found a runed translucent gate.
 11421 | D:9      | Found a runed translucent gate.
 11541 | D:9      | Found a sparkling altar of Nemelex Xobeh.
 11698 | D:9      | Noticed a glowing orange brain
 11698 | D:9      | Noticed a brown ugly thing
 11699 | D:9      | Found a runed translucent gate.
 11699 | D:9      | Found a runed translucent gate.
 11699 | D:9      | Noticed a purple ugly thing
 11700 | D:9      | Noticed a red ugly thing
 11720 | D:9      | Killed a brown ugly thing
 11735 | D:9      | Killed a green ugly thing
 11737 | D:9      | Killed a green ugly thing
 11738 | D:9      | Reached skill level 5 in Dodging
 11895 | D:9      | Found a runed translucent gate.
 11897 | D:9      | Noticed Darkkill's ghost (novice MiHu)
 11904 | D:9      | a polar bear changed into an entropy weaver
 11904 | D:9      | Noticed an entropy weaver (shapeshifter)
 11946 | D:10     | Entered Level 10 of the Dungeon
 12339 | D:10     | Found a staircase to the Lair.
 12873 | D:10     | Learned a level 5 spell: Freezing Cloud
 13283 | D:11     | Found a staircase to the Orcish Mines.
 13371 | D:11     | Reached skill level 10 in Fighting
 13371 | D:11     | Reached skill level 1 in Conjurations
 13371 | D:11     | Reached skill level 1 in Air Magic
 13459 | D:11     | Found a gate leading to a gauntlet.
 13460 | D:11     | Noticed Psyche
 13467 | Gauntlet | Entered a Gauntlet
 13467 | Gauntlet | Found a transporter.
 13467 | Gauntlet | Found a runed translucent door.
 13467 | Gauntlet | Found a transporter.
 13470 | Gauntlet | Noticed a worldbinder
 13532 | Gauntlet | Found a runed translucent door.
 13542 | Gauntlet | Found a transporter.
 13546 | Gauntlet | Found a transporter.
 13554 | Gauntlet | Found a transporter.
 13558 | Gauntlet | Found a transporter.
 13560 | Gauntlet | Noticed a brown ugly thing
 13562 | Gauntlet | Noticed a red ugly thing
 13564 | Gauntlet | Noticed a great orb of eyes
 13567 | Gauntlet | Found a transporter.
 13582 | Gauntlet | Found a transporter.
 13585 | Gauntlet | Noticed a fire crab
 13596 | Gauntlet | Found a transporter.
 13601 | Gauntlet | Noticed a tengu warrior
 13608 | Gauntlet | Found a transporter.
 13612 | Gauntlet | Found a transporter.
 13743 | Gauntlet | Found a transporter.
 13746 | Gauntlet | Identified the ring of Zeluimul {rPois Dex+2}
 13792 | Gauntlet | Identified the ring "Fyigieneal" {Fire Int+2}
 13819 | Gauntlet | Killed a red ugly thing
 13820 | Gauntlet | Reached skill level 1 in Ice Magic
 13823 | Gauntlet | Killed a great orb of eyes
 13823 | Gauntlet | HP: 5/108 [red ugly thing (4)]
 13823 | Gauntlet | Mangled by a red ugly thing

Illustrated notes

Levels and vault maps discovered:
D:1:      psy_arrival_basics, layout_basic, minivault_11, minmay_fountain_box,
          minmay_tromino_i2
D:2:      layout_loops_corners, nicolae_ecumenical_snake_handling,
          chequers_serial_rivers_room_a, minmay_vboxes
D:3:      layout_loops_corners, mainiacjoe_overflow_paths, gammafunk_ghost_icy,
          minmay_misc_feat_ornament, grunt_decor_arrowhead,
          kennysheep_nondescript
D:4:      layout_rooms, mainiacjoe_overflow_alcove_1,
          lemuel_coloured_pillars_altar, ebering_ghost_sewer_d, uniq_menkaure,
          uniq_natasha
D:5:      layout_loops_ring, zin_academy, dancing_weapons_uskayaw,
          nzn_wu_jian_council_hall
D:6:      layout_layer_cave, lemuel_crystal_altar,
          mainiacjoe_overflow_catwalk_spiral, grunt_dithmenos_shadows,
          minmay_temple_entry_fiery, minmay_misc_feat_enclosed
D:7:      layout_basic, gammafunk_ghost_abyssal_escape, uniq_pikel
D:8:      layout_basic, grunt_ministairs_9, uniq_amaemon, uniq_maggie
D:9:      layout_rooms, kennysheep_ying_yang, mainiacjoe_overflow_catwalk,
          nicolae_gozag_cash_rules_everything_around_me,
          ploomutoo_gammafunk_ghost_potion_laboratory, nrook_uturn
D:10:     layout_irregular_city, david_lair_generic, st_stairs_3
D:11:     layout_small_grid, minmay_orc_entry_temple_small,
          gauntlet_entry_generic, lightli_church_of_beogh, uniq_psyche
Gauntlet: minmay_gauntlet_77_indecision
          [minmay_gauntlet_arena_77_terracotta_army,
          minmay_gauntlet_arena_77_shame_cube,
          minmay_gauntlet_arena_77_radiant_squares,
          minmay_gauntlet_arena_77_broken_ladder,
          minmay_gauntlet_arena_77_braids, minmay_gauntlet_arena_77_checkered,
          nicolae_gauntlet_exit_dead_adventurers]

Skill      XL: |  1  2  3  4  5  6  7  8  9 10 11 |
---------------+----------------------------------+-----
Ranged Weapons | 3 |  3.2
Short Blades   | 1 3 4 5 6 |  6.0
Fighting       | 2 3 4 6 7 9 10 | 10.1
Dodging        | 3 6 |  6.2
Stealth        | 1 |  1.2
Summonings     | 2 6 7 9 |  9.3
Spellcasting   | 2 4 5 7 |  7.0
Invocations    | 1 3 5 |  5.4
Conjurations   | 2 |  2.0
Air Magic      | 2 |  2.0
Ice Magic      | 1 |  1.2
Hexes          | |  2.1

Action                     |  1- 3 |  4- 6 |  7- 9 | 10-12 || total
---------------------------+-------+-------+-------+-------++-------
  Melee: Dagger            |    31 |   137 |   213 |   230 ||   611
         Kick              |     6 |    30 |    75 |    88 ||   199
         Peck              |     4 |    25 |    44 |    73 ||   146
         Punch             |       |     2 |     3 |     3 ||     8
   Fire: Sling             |    64 |     4 |       |       ||    68
   Cast: Slow              |       |       |     3 |       ||     3
         Call Canine Famil |       |       |    28 |    53 ||    81
  Evoke: Wand              |       |       |       |     1 ||     1
    Use: Potion            |     1 |     2 |     3 |     8 ||    14
         Scroll            |       |    11 |     9 |     9 ||    29
   Stab: Sleeping          |       |     5 |     2 |     1 ||     8
         Distracted        |       |       |       |     1 ||     1
 Armour: Robe              |    12 |    15 |    18 |     3 ||    48
         Steam dragon scal |       |       |       |    29 ||    29
         Troll leather arm |       |       |       |     5 ||     5
  Dodge: Dodged            |    47 |    77 |   171 |   184 ||   479
